[Event "Serbian-ch Semifinal 2024"]
[Site "Paracin"]
[Date "2024.02.07"]
[Round "4.3"]
[White "Pap, Misa"]
[Black "Ratkovic, Milovan"]
[Result "1/2-1/2"]
[ECO "B51"]
[WhiteElo "2422"]
[BlackElo "2396"]
[Annotator "TA"]
[PlyCount "88"]
[EventDate "2024.02.04"]
[EventType "swiss"]
[EventCountry "SRB"]
[SourceTitle "playchess.com"]
[Source "ChessBase"]
[SourceQuality "1"]
[TimeControl "40/5400+30:1800+30"]

1. e4 c5 2. Nf3 d6 3. Bb5+ Nd7 4. d4 Ngf6 5. Nc3 a6 6. Bxd7+ Nxd7 7. O-O e6 8. d5 e5 9. a4 Be7 10. Nd2 {[%emt 0:05:41][%cal Bf3d2,Bd2c4,Bc4b6][%mdl 32] White is slightly better.} Nf8 11. Nc4 Ng6 12. a5 O-O 13. Na4 f5 14. Nab6 Rb8 15. Nxc8 Qxc8 16. Nb6 Qe8 17. Qe2 h6 18. g3 Rd8 19. Ra3 Bg5 20. Bxg5 hxg5 21. exf5 Rxf5 22. Rf3 ({Better is} 22. Rb3 $16) 22... Rxf3 $14 23. Qxf3 e4 24. Qf5 (24. Qh5 $1 $14 {is superior.}) 24... Ne5 $1 $11 25. Qxe4 g4 $36 {[%emt 0:00:21][%mdl 2048] Hoping for ...Nf3+. Black is more active.} 26. Kh1 Qb5 {[%emt 0:01:06] Inhibits Nc4.} 27. Kg2 c4 {[%emt 0:09:07] [#]} ({Black should play} 27... Qxa5 $11 28. Nc4 Nxc4 29. Qxc4 Qd2) 28. b3 cxb3 {[%emt 0:00:24] The position is equal.} 29. cxb3 Qxb3 30. h3 gxh3+ 31. Kxh3 Qb5 32. Rb1 Qxa5 33. f4 Nf7 34. Qe7 Qd2 35. Qe6 Qc2 {[%emt 0:01:18] Prevents Nc8.} 36. Rb4 Qd1 37. Rc4 {[%emt 0:01:25] Active counter play!} Qh1+ 38. Kg4 Qd1+ 39. Kh4 Qh1+ 40. Kg4 Qd1+ 41. Kh3 Qh1+ 42. Kg4 Qd1+ 43. Kh3 Qh1+ 44. Kg4 Qd1+ {[%emt 0:10:42] Weighted Error Value: White=0.08 (flawless) /Black=0.06 (flawless) .  Mistake:       	White=3     	Black=1      Inaccurate:     	---       	Black=2      OK:         	White=17    	Black=9      Best:        	White=1     	Black=2      Strong:       	---       	Black=1} 1/2-1/2

[Event "Serbian-ch Semifinal 2024"]
[Site "Paracin"]
[Date "2024.02.07"]
[Round "4.4"]
[White "Ivanisevic, Ivan"]
[Black "Ivanovic, Marko"]
[Result "*"]
[ECO "D30"]
[WhiteElo "2517"]
[BlackElo "2245"]
[Annotator "TA"]
[PlyCount "64"]
[EventDate "2024.02.04"]
[EventType "swiss"]
[EventCountry "SRB"]
[SourceTitle "playchess.com"]
[Source "ChessBase"]
[SourceQuality "1"]
[TimeControl "40/5400+30:1800+30"]

1. d4 d5 2. c4 e6 3. Nf3 a6 4. e3 Nf6 5. Nc3 Bd6 6. b3 O-O 7. Bb2 b6 8. g3 {[%emt 0:05:07] The position is equal.} Bb7 9. Bg2 Nbd7 10. O-O Qe7 11. Rc1 Rad8 12. Nh4 g6 13. Rc2 Ba8 14. cxd5 exd5 15. Qc1 Rfe8 16. Ne2 Bb7 17. Nf4 a5 18. Nf3 Ne4 19. Rd1 c6 20. Nd3 f6 {[%emt 0:00:00] Prevents Nfe5.} 21. Nh4 Nb8 22. Nf3 Ba6 23. Bf1 Bc8 24. Bg2 (24. Re1 $11) 24... Ba6 (24... h5 $15) 25. Nfe1 $11 Bc8 26. Nf4 (26. Re2 $14) 26... Bd7 27. Ned3 Qf7 28. Ba3 (28. f3 $14 Ng5 29. Nf2) 28... Qe7 29. Bxd6 Qxd6 30. f3 {[%emt 0:01:43] White is slightly better.} Ng5 31. Nf2 Na6 32. e4 Nf7 {[%emt 0:00:32] Weighted Error Value: White=0.12 (very precise) /Black=0.12 (very precise) .  Mistake:       	White=3     	Black=1      Inaccurate:     	---       	Black=4      OK:         	White=15    	Black=10} *

[Event "Serbian-ch Semifinal 2024"]
[Site "Paracin"]
[Date "2024.02.07"]
[Round "4.5"]
[White "Bryakin, Mikhail"]
[Black "Tadic, Stefan"]
[Result "*"]
[ECO "D11"]
[WhiteElo "2479"]
[BlackElo "2390"]
[Annotator "TA"]
[PlyCount "80"]
[EventDate "2024.02.04"]
[EventType "swiss"]
[EventCountry "SRB"]
[SourceTitle "playchess.com"]
[Source "ChessBase"]
[SourceQuality "1"]
[TimeControl "40/5400+30:1800+30"]

1. d4 d5 2. c4 c6 3. Nf3 Nf6 4. Qb3 e6 5. g3 c5 6. Bg2 Nc6 7. cxd5 Qxd5 8. Qxd5 Nxd5 9. dxc5 Bxc5 10. Bd2 O-O 11. Nc3 Nxc3 12. Bxc3 f6 13. Nd2 e5 14. Bd5+ Kh8 15. Ne4 Be7 16. O-O-O Bf5 17. f3 Rfd8 18. g4 Bg6 19. Ng3 Bc5 {[%emt 0:09:00] [#] Hoping for ...Be3+.} 20. e4 Nd4 21. Bxb7 {[%emt 0:19:45] aiming for Bxd4.} Rab8 22. Bd5 Nxf3 23. Nf5 {[%emt 0:00:22] Inhibits Be3+.} Bxf5 24. gxf5 Nd4 25. Kb1 Rd6 26. h4 Ne2 27. Kc2 Nd4+ 28. Kd3 (28. Kb1 $11) 28... g6 (28... Nxf5 $1 $15 29. exf5 (29. Kc4 $2 Rc8 $17) 29... Rxd5+ 30. Kc2 Bd4) 29. fxg6 $11 hxg6 30. Rc1 Ne6 31. Kc2 Nd4+ (31... Nf4 $15 32. Bb3 Ne2) 32. Kd3 Ne6 33. Kc4 ({Better is} 33. Kc2 $1 $11) 33... Be3 $15 34. Rce1 (34. Rcd1 $15) 34... Bf2 35. Ref1 Rc8+ 36. Kb3 Nd4+ 37. Ka4 Ra6+ 38. Ba5 {[%emt 0:00:24] A strong pair of Bishops. The position is equal.} Be3 {[%emt 0:01:55] [#] ...Bd2 would now be deadly.} 39. b4 Rd6 40. Rh3 Bf4 {[%emt 0:00:31] Weighted Error Value: White=0.15 (very precise) /Black=0.11 (very precise) .  Mistake:       	White=3     	Black=2      Inaccurate:     	White=4     	Black=3      OK:         	White=14    	Black=15     Best:        	White=1     	Black=3} *

[Event "Serbian-ch Semifinal 2024"]
[Site "Paracin"]
[Date "2024.02.07"]
[Round "4.6"]
[White "Arsovic, Zoran"]
[Black "Nestorovic, Nikola"]
[Result "1/2-1/2"]
[ECO "A07"]
[WhiteElo "2362"]
[BlackElo "2465"]
[Annotator "TA"]
[PlyCount "63"]
[EventDate "2024.02.04"]
[EventType "swiss"]
[EventCountry "SRB"]
[SourceTitle "playchess.com"]
[Source "ChessBase"]
[SourceQuality "1"]
[TimeControl "40/5400+30:1800+30"]

1. Nf3 d5 2. g3 g6 3. Bg2 Bg7 4. O-O e5 5. d3 Nc6 6. Nc3 Nge7 7. e4 d4 8. Ne2 a5 9. c3 a4 10. cxd4 Nxd4 11. Nexd4 exd4 12. Bd2 h6 13. Nh4 Bf6 14. f4 Bxh4 15. gxh4 Ra6 16. b4 axb3 17. axb3 Rxa1 18. Qxa1 f5 19. Rc1 O-O 20. Qa5 {[%emt 0:03:06] White is more active.} b6 {[%emt 0:11:06] [#]} 21. Qe5 (21. Qb5 $1 $16 {[%cal Rb5c4] aiming for Qc4+.} Kh7 22. Qc4) 21... c5 $1 $11 {[%emt 0:00:02] The position is equal.} 22. b4 Nc6 $36 {[%emt 0:13:43][%csl LRb4,LRe5,LRh4][%mdl 2048] Black is pushing.} 23. Qd5+ Qxd5 24. exd5 Nxb4 25. Bxb4 cxb4 {[%emt 0:00:03][%mdl 4096] Endgame. KRB-KRB} 26. Rc6 b5 27. d6 (27. Rxg6+ Kf7 28. Rc6 Bd7 $19 (28... b3 $2 29. Rc1 $19)) 27... Be6 {[%emt 0:04:45] [#] Dodges Bd5. And now ...b3 would win.} 28. Rb6 b3 {[%emt 0:07:29] Strongly threatening ...Rd8.} 29. Rxb5 Kf7 30. Rb7+ Kf6 31. Rb6 Rd8 32. Bf3 {[%emt 0:01:08] Weighted Error Value: White=0.12 (very precise) /Black=0.05 (flawless) .  Mistake:       	White=1     	---        Inaccurate:     	---       	Black=2      OK:         	White=15    	Black=7      Best:        	---       	Black=3      Strong:       	---       	Black=1} 1/2-1/2

[Event "Serbian-ch Semifinal 2024"]
[Site "Paracin"]
[Date "2024.02.07"]
[Round "4.8"]
[White "Eric, Jovana"]
[Black "Atalik, Suat"]
[Result "*"]
[ECO "B67"]
[WhiteElo "2124"]
[BlackElo "2439"]
[Annotator "TA"]
[PlyCount "81"]
[EventDate "2024.02.04"]
[EventType "swiss"]
[EventCountry "SRB"]
[SourceTitle "playchess.com"]
[Source "ChessBase"]
[SourceQuality "1"]
[TimeControl "40/5400+30:1800+30"]

1. e4 c5 2. Nf3 Nc6 3. d4 cxd4 4. Nxd4 Nf6 5. Nc3 d6 6. Bg5 e6 7. Qd2 a6 8. O-O-O Bd7 9. Kb1 Nxd4 10. Qxd4 Be7 11. Rg1 Bc6 {[%emt 0:08:12] The position is equal.} (11... O-O $5) 12. g4 h6 13. Be3 Qa5 (13... d5 $11 {is superior.}) 14. Be2 (14. h4 $14) 14... Qe5 (14... b5 $5) 15. f3 Qxd4 $1 16. Bxd4 g5 17. e5 (17. a3 $142) 17... dxe5 $11 18. Bxe5 O-O 19. Rgf1 Rfd8 20. Bc7 Rxd1+ 21. Rxd1 Bb4 22. Be5 Nd7 23. Bd4 e5 24. Be3 Bxc3 25. bxc3 Nf8 26. Rd6 Kg7 27. Bb6 Rc8 28. Kc1 Ne6 29. Kd2 Kf6 30. Ba5 Rh8 31. Ke3 h5 {[%emt 0:00:51] ...hxg4 is the strong threat.} 32. gxh5 ({White should play} 32. h3) 32... Rxh5 $17 {[%emt 0:00:07][%cal Oh5h3] Black is clearly better.} 33. Bxa6 e4 34. Bc4 exf3 35. Bxe6 (35. Rd2 $17) 35... fxe6 {[%emt 0:00:06][%mdl 4096] Endgame. KRB-KRB} 36. Bd8+ Kf5 37. Rd2 Rh4 38. Bc7 Rc4 ({Don't play} 38... e5 39. Bb6 $19) 39. Ba5 e5 40. Bb4 Kg4 41. Kf2 {[%emt 0:06:57] Weighted Error Value: White=0.17 (very precise) /Black=0.06 (flawless) .  Mistake:       	White=4     	Black=1      Inaccurate:     	White=1     	---        OK:         	White=7     	Black=17     Best:        	White=1     	Black=3      Strong:       	---       	Black=1} *

[Event "Serbian-ch Semifinal 2024"]
[Site "Paracin"]
[Date "2024.02.07"]
[Round "4.10"]
[White "Rabrenovic, Vladan"]
[Black "Injac, Teodora"]
[Result "0-1"]
[ECO "E20"]
[WhiteElo "2199"]
[BlackElo "2439"]
[Annotator "TA"]
[PlyCount "72"]
[EventDate "2024.02.04"]
[EventType "swiss"]
[EventCountry "SRB"]
[SourceTitle "playchess.com"]
[Source "ChessBase"]
[SourceQuality "1"]
[TimeControl "40/5400+30:1800+30"]

1. d4 Nf6 2. c4 e6 3. Nc3 Bb4 4. g3 Bxc3+ 5. bxc3 d6 6. Bg2 O-O 7. Nf3 Nc6 8. O-O e5 9. Bg5 h6 10. Bxf6 Qxf6 11. Rb1 {[%emt 0:00:31] The position is equal.} Rb8 12. Ne1 (12. Nd2 $11 Bd7 13. Nb3) 12... Na5 $15 13. Qd3 b6 14. Nc2 Ba6 15. Ne3 c6 16. d5 c5 (16... cxd5 {seems wilder.} 17. Bxd5 Bc8 18. Rfd1 Bh3) 17. f4 e4 18. Bxe4 Rfe8 {[%emt 0:00:10] [#] Strongly threatening ...Qe7.} 19. Bf3 Qd8 20. Rf2 Qd7 21. g4 Qa4 22. g5 {[%emt 0:00:02] Black must now prevent gxh6.} hxg5 23. Rg2 (23. fxg5 $15 Nxc4 24. Nxc4 Bxc4 25. Qd2) 23... Nxc4 {[%emt 0:02:01] Black is more active.} (23... Bxc4 24. Nxc4 Qxc4 (24... Nxc4 25. Rxg5 Ne3 26. Kh1 $15) 25. fxg5 Qxd3 26. exd3 $15) 24. Nxc4 Qxc4 (24... Bxc4 25. Qf5 Qxa2 26. Rxg5 Bxe2 27. Rg2) 25. Qxc4 Bxc4 26. fxg5 Re3 (26... Bxa2 27. Ra1 Bc4 28. Rxa7 $11) 27. Rc1 Rbe8 $1 ({Don't do} 27... Bxa2 28. Ra1 Bc4 29. Rxa7 $17) 28. Rc2 {[%emt 0:00:02] [#]} Bd3 $1 29. Rd2 (29. exd3 {keeps fighting.} Rxf3 30. Rge2 Rxe2 31. Rxe2) 29... Bf5 $19 30. Kf2 Rxc3 31. h4 b5 32. h5 b4 33. h6 Bg6 {[%emt 0:00:52] Black is clearly winning.} 34. Rh2 Re5 35. hxg7 Kxg7 36. Rg2 a5 {[%emt 0:00:13] Weighted Error Value: White=0.28 (precise) /Black=0.04 (flawless) .  Mistake:       	White=3     	---        Inaccurate:     	White=3     	Black=1      OK:         	White=8     	Black=13     Best:        	---       	Black=1      Strong:       	---       	Black=2} 0-1

[Event "Serbian-ch Semifinal 2024"]
[Site "Paracin"]
[Date "2024.02.07"]
[Round "4.11"]
[White "Milosevic, Milos"]
[Black "Jocev, Milan"]
[Result "1/2-1/2"]
[ECO "A24"]
[WhiteElo "2388"]
[BlackElo "2376"]
[Annotator "TA"]
[PlyCount "39"]
[EventDate "2024.02.04"]
[EventType "swiss"]
[EventCountry "SRB"]
[SourceTitle "playchess.com"]
[Source "ChessBase"]
[SourceQuality "1"]
[TimeControl "40/5400+30:1800+30"]

1. g3 g6 2. Bg2 Bg7 3. c4 Nf6 4. Nc3 O-O 5. Nf3 d6 6. O-O c6 7. d3 e5 8. Rb1 a5 9. a3 Re8 10. e4 h6 11. b4 axb4 12. axb4 {[%emt 0:00:27] White has an edge.} Be6 13. b5 Nbd7 14. Ne1 Nc5 15. bxc6 bxc6 16. Be3 Qa5 17. Bd2 Qa7 {[%emt 0:01:35] Black is slightly better.} 18. h3 Qd7 19. Kh2 d5 20. exd5 {[%emt 0:08:08] Weighted Error Value: White=0.11 (very precise) /Black=0.04 (flawless) .  Inaccurate:     	White=2     	---        OK:         	White=2     	Black=6} 1/2-1/2

[Event "Serbian-ch Semifinal 2024"]
[Site "Paracin"]
[Date "2024.02.08"]
[Round "5.4"]
[White "Tadic, Stefan"]
[Black "Arsovic, Zoran"]
[Result "1-0"]
[ECO "B67"]
[WhiteElo "2390"]
[BlackElo "2362"]
[Annotator "RC"]
[PlyCount "79"]
[EventDate "2024.02.04"]
[EventType "swiss"]
[EventCountry "SRB"]
[SourceTitle "playchess.com"]
[Source "ChessBase"]
[SourceQuality "1"]
[TimeControl "40/5400+30:1800+30"]

1. e4 c5 2. Nf3 d6 3. d4 cxd4 4. Nxd4 Nf6 5. Nc3 Nc6 6. Bg5 e6 7. Qd2 a6 8. O-O-O Bd7 9. Kb1 Be7 10. f3 h6 11. Be3 Nxd4 12. Qxd4 Bc6 13. h4 d5 14. e5 Nd7 15. f4 h5 16. Qd2 Bb4 17. Bd4 g6 18. Qe3 Qe7 19. Be2 Bc5 20. Bf3 Bxd4 21. Qxd4 Qc5 22. Ne2 b5 23. c3 Ke7 24. Qd2 a5 25. Nd4 Rac8 26. g4 hxg4 27. Bxg4 Bb7 28. a3 Rcg8 29. h5 Qb6 30. hxg6 Rxh1 31. Rxh1 Rxg6 32. Bh5 Rg8 33. f5 Nc5 34. f6+ Kd7 35. Bxf7 Rf8 36. Rh7 Kc8 37. Qh6 Rd8 38. Rh8 b4 39. Rxd8+ Kxd8 40. Qf8+ 1-0

[Event "Serbian-ch Semifinal 2024"]
[Site "Paracin"]
[Date "2024.02.08"]
[Round "5.5"]
[White "Nestorovic, Nikola"]
[Black "Pap, Misa"]
[Result "1/2-1/2"]
[ECO "C47"]
[WhiteElo "2465"]
[BlackElo "2422"]
[Annotator "RC"]
[PlyCount "117"]
[EventDate "2024.02.04"]
[EventType "swiss"]
[EventCountry "SRB"]
[SourceTitle "playchess.com"]
[Source "ChessBase"]
[SourceQuality "1"]
[TimeControl "40/5400+30:1800+30"]

1. e4 e5 2. Nf3 Nc6 3. Nc3 Nf6 4. d4 exd4 5. Nxd4 Bb4 6. Nxc6 bxc6 7. Bd3 O-O 8. O-O Re8 9. Qf3 h6 10. Bf4 d6 11. h3 Rb8 12. Ne2 Bc5 13. b3 Nd7 14. Be3 Ne5 15. Qg3 Bxe3 16. Qxe3 c5 17. Ng3 a5 18. Rad1 Nc6 19. a4 Nd4 20. Ne2 Nxe2+ 21. Qxe2 Rb4 22. f4 Qh4 23. Bc4 Be6 24. Bb5 Re7 25. Qf3 Rd4 26. Rxd4 cxd4 27. Bc6 Bd7 28. Bxd7 Rxd7 29. Qd3 c5 30. Qb5 Qd8 31. Qc6 Qc7 32. Qd5 Qb7 33. Qf5 Re7 34. e5 dxe5 35. fxe5 Re6 36. Re1 Qd5 37. Qd3 f6 38. Qb5 fxe5 39. Qxa5 Rg6 40. Re2 e4 41. Qb5 Kh7 42. Rf2 e3 43. Re2 Qf5 44. a5 Qc8 45. b4 cxb4 46. Qxb4 Qa6 47. Re1 Qf6 48. Re2 Qa6 49. Re1 Qc6 50. Re2 Qe4 51. Qa4 Ra6 52. Qb5 Ra7 53. a6 Qg6 54. c3 dxc3 55. Qc5 Rxa6 56. Qxc3 Qb1+ 57. Re1 Ra3 58. Qxe3 Rxe3 59. Rxb1 1/2-1/2

[Event "Serbian-ch Semifinal 2024"]
[Site "Paracin"]
[Date "2024.02.08"]
[Round "5.6"]
[White "Injac, Teodora"]
[Black "Eric, Jovana"]
[Result "1-0"]
[ECO "A20"]
[WhiteElo "2439"]
[BlackElo "2124"]
[Annotator "TA"]
[PlyCount "123"]
[EventDate "2024.02.04"]
[EventType "swiss"]
[EventCountry "SRB"]
[SourceTitle "playchess.com"]
[Source "ChessBase"]
[SourceQuality "1"]
[TimeControl "40/5400+30:1800+30"]

1. c4 e5 2. g3 Nf6 3. Bg2 c6 4. Nf3 e4 5. Nd4 Qb6 6. Nb3 d5 7. d3 Bb4+ 8. Nc3 {[%emt 0:03:55] The position is equal.} exd3 9. cxd5 O-O 10. Qxd3 Nxd5 11. O-O Nxc3 12. bxc3 Be7 13. Be3 Qc7 14. Bf4 Qd7 15. Qc2 {[%emt 0:12:30] White has more active pieces.} Na6 16. Rfd1 Qf5 17. e4 Qh5 18. Nd4 Qa5 19. Rab1 Nc5 20. h3 Re8 21. Be3 Bf8 22. Nb3 Nxb3 23. axb3 (23. Qxb3 b6 $11) 23... Be6 24. Ra1 Qc7 25. c4 ({Much weaker is} 25. Rxa7 Rxa7 26. Bxa7 b6 $19) (25. Bxa7 $2 {is the wrong capture.} b6 26. Qa2 Re7 27. Bxb6 Rxa2 28. Bxc7 Rxa1 (28... Bxb3 29. Bf4 $16) 29. Rxa1 Rxc7 $19) 25... a6 26. c5 Rad8 27. b4 f6 28. Ra3 Rxd1+ 29. Qxd1 Rd8 30. Rd3 Rxd3 31. Qxd3 Qd7 32. Qxd7 Bxd7 $11 {[%emt 0:00:05][%mdl 4096] Endgame. KBB-KBB} 33. f4 Be6 34. Kf2 Be7 35. Ke2 Bd8 36. Kd3 Ba2 37. Bd2 Bc7 38. Kd4 Kf7 39. h4 Be6 40. Bf3 Ke7 41. Bc3 g6 42. h5 Kf7 43. Ke3 Bd8 44. g4 Bb3 45. Be2 Ba2 46. Bd3 Bb3 47. e5 fxe5 48. Bxe5 a5 49. bxa5 Bxa5 50. f5 gxh5 51. gxh5 Bd8 52. f6 h6 (52... Kg8 $11 {keeps the balance.}) 53. Bg6+ $16 Kg8 54. Bd4 {[%emt 0:00:39] [#] And now Ke4 would win.} Kf8 $2 {[%emt 0:00:35][%mdl 8192] A mistake that costs the game.} (54... Bc7 $16) 55. Ke4 $18 {[%emt 0:00:21] Threatens to win with Kf5.} Bd5+ (55... Bc2+ $18 56. Ke5 Bc7+ 57. Ke6 Bb3+ 58. Kd7 Bf4) 56. Kf5 {[%emt 0:00:44] White mates.} Bb3 57. Be3 Bc2+ 58. Ke6 Bb3+ 59. Ke5 b6 60. cxb6 Kg8 61. Bc5 Bc4 62. b7 {[%emt 0:00:37] Weighted Error Value: White=0.05 (flawless) /Black=0.27 (precise) .  Loses game:     	---       	Black=1      Mistake:       	---       	Black=2      Inaccurate:     	White=2     	Black=2      OK:         	White=14    	Black=20     Best:        	White=4     	Black=2} 1-0

[Event "Serbian-ch Semifinal 2024"]
[Site "Paracin"]
[Date "2024.02.08"]
[Round "5.8"]
[White "Djordjevic, Vuk"]
[Black "Bryakin, Mikhail"]
[Result "0-1"]
[ECO "D36"]
[WhiteElo "2367"]
[BlackElo "2479"]
[Annotator "TA"]
[PlyCount "74"]
[EventDate "2024.02.04"]
[EventType "swiss"]
[EventCountry "SRB"]
[SourceTitle "playchess.com"]
[Source "ChessBase"]
[SourceQuality "1"]
[TimeControl "40/5400+30:1800+30"]

1. d4 d5 2. c4 e6 3. Nc3 Be7 4. Nf3 Nf6 5. cxd5 exd5 6. Qc2 c6 7. Bg5 O-O 8. e3 Nh5 9. Bxe7 Qxe7 10. Bd3 g6 11. O-O Ng7 12. Rab1 Bf5 13. b4 a6 14. Ne1 {[%emt 0:06:55] The position is equal.} Nd7 15. a4 Nb6 16. Rb3 Nc4 17. b5 axb5 18. axb5 Ra1 19. bxc6 bxc6 20. Qe2 Rfa8 21. Nf3 Rxf1+ 22. Kxf1 Ra1+ 23. Ne1 (23. Rb1 $1 $11 {keeps the balance.} Rxb1+ (23... Qa3 24. Bxf5 Nxf5 25. Rxa1 $11) 24. Nxb1) 23... Qd6 {[%emt 0:01:16] Black is much more active.} 24. g3 {[%emt 0:01:44] [#]} Bg4 $1 25. Qc2 Nf5 $40 {[%emt 0:12:21][%mdl 128] Black attacks with force.} 26. Bxc4 {[%emt 0:01:48] aiming for Bd3.} Qf6 27. Qd2 {[%emt 0:01:33] Threatens to win with Be2.} Bh3+ 28. Ke2 dxc4 29. Rb1 Ra8 30. Rb4 $2 {[%emt 0:00:38] [#]} (30. Ne4 $11 {and White has nothing to worry.} Qe7 31. f3) 30... c5 $1 $19 31. Ne4 $2 {[%emt 0:00:35] [#]} (31. Rxc4 Nxd4+ 32. Rxd4 (32. exd4 $2 {perishes.} Qe6+ 33. Qe3 Qxc4+ 34. Qd3 Qe6+ 35. Qe3 cxd4 $19) 32... cxd4 33. Qxd4 Qa6+ 34. Nd3) 31... Qc6 $2 ({Better is} 31... Nxd4+ $1 $19 32. exd4 Qe6) 32. Nxc5 $2 (32. d5 $14 Bg4+ 33. f3) 32... Qh1 {[%emt 0:00:01] Black is clearly winning.} 33. Rb1 Bg4+ 34. f3 {[%emt 0:00:03] [#]} Bxf3+ $1 35. Nxf3 Qxb1 36. e4 Ra2 {[%emt 0:00:35] ( -> ...c3)} 37. exf5 c3 {[%emt 0:00:48] Weighted Error Value: White=0.75/Black=0.67.  Loses game:     	White=2     	---        Missed win:     	---       	Black=1      Mistake:       	White=2     	---        Inaccurate:     	White=1     	Black=1      OK:         	White=6     	Black=8      Best:        	White=2     	---        Strong:       	---       	Black=1} 0-1

[Event "Serbian-ch Semifinal 2024"]
[Site "Paracin"]
[Date "2024.02.08"]
[Round "5.9"]
[White "Cuzovic, Ognjen"]
[Black "Sedlak, Nikola"]
[Result "1-0"]
[ECO "D85"]
[WhiteElo "2068"]
[BlackElo "2463"]
[Annotator "TA"]
[PlyCount "95"]
[EventDate "2024.02.04"]
[EventType "swiss"]
[EventCountry "SRB"]
[SourceTitle "playchess.com"]
[Source "ChessBase"]
[SourceQuality "1"]
[TimeControl "40/5400+30:1800+30"]

1. d4 Nf6 2. c4 g6 3. Nc3 d5 4. cxd5 Nxd5 5. e4 Nxc3 6. bxc3 Bg7 7. Be3 c5 8. Qd2 Qa5 9. Nf3 Nd7 10. Rc1 O-O 11. d5 Nf6 12. c4 Qxd2+ 13. Nxd2 {[%emt 0:00:04] The position is equal.} b6 14. Be2 Ng4 15. Bf4 f5 16. Bxg4 fxg4 17. Bg3 e6 18. O-O Ba6 19. f4 (19. Rfe1 $15) 19... exd5 $17 20. cxd5 (20. exd5 $17 Bd4+ 21. Kh1 (21. Bf2 Rxf4 22. g3 Rxf2 $17)) 20... Bd4+ {[%emt 0:08:39] This pair of bishops is nice.} 21. Bf2 Bxf1 (21... Rxf4 22. Bxd4 Rxf1+ (22... Bxf1 $2 23. Be3 $18) 23. Nxf1 $11) 22. Bxd4 cxd4 (22... Rxf4 $2 23. Be3 (23. Rxf1 $2 Rxf1+ 24. Kxf1 cxd4 $19) 23... Rf7 24. Rxf1 $18 (24. Nxf1 h5 $18)) 23. Rxf1 $19 {[%emt 0:00:12][%mdl 4096] Endgame. KRR-KRN} Rac8 {[%emt 0:10:05] Threatens to win with ...Rc2.} 24. e5 Kf7 25. Ne4 {[%emt 0:02:02] [#] Nd6+ is the strong threat.} Ke7 26. d6+ Kd7 27. g3 {[%emt 0:03:21] [#]} Rc4 (27... Rc2 $1 $17 28. Rd1 Re2 (28... Rxa2 29. Rxd4 Rc8 30. Rd1 $15) 29. Nf6+ Rxf6 30. exf6 Kxd6 31. Rxd4+ Ke6) 28. Re1 $15 {[%emt 0:03:19][%cal Oe5e6] And now e6+! would win.} Rfc8 29. Nf6+ Ke6 30. Nxh7 Rc1 (30... d3 $17 31. Kf2 Rc2+ 32. Ke3 d2 (32... Rxa2 33. Kxd3 Rac2 34. Ng5+ Kd7 35. Nf7 $11) (32... Rxh2 33. Ng5+ Kd7 34. Kxd3 $11) 33. Ng5+ Kd7 (33... Kd5 34. Rd1 $16)) 31. Rxc1 $11 Rxc1+ {[%emt 0:00:08] KR-KN} 32. Kf2 {[%emt 0:00:03] aiming for Nf8+.} Rc2+ 33. Ke1 $1 {[%emt 0:01:02] Hoping for Nf8+.} d3 $2 (33... Rxa2 $2 34. Nf8+ Kd5 35. d7 $18) (33... Rc8 $11) 34. Kd1 $2 ({White has to play} 34. Nf8+ $18 Kf7 35. Nxg6 Re2+ 36. Kd1) 34... Rc8 (34... Rxa2 $2 35. Nf8+ Kf7 36. Nxg6 Ra1+ (36... Kxg6 $2 {loses.} 37. d7 $18) 37. Kd2 $18) 35. Nf6 (35. Kd2 $14) 35... Kf5 $2 (35... a5 $11 {and Black has nothing to worry.}) 36. Kd2 Rd8 $2 (36... Rc2+ 37. Kxd3 Rc1 38. Nxg4 $18) (36... Ke6 37. Kxd3 Rc1) 37. Kxd3 $18 Rxd6+ 38. exd6 Kxf6 {[%emt 0:00:10] KP-KP} 39. Ke4 Ke6 {[%emt 0:00:08] [#]} 40. d7 $1 Kxd7 41. f5 Ke7 42. fxg6 {[%emt 0:00:00] White mates.} b5 43. Kd5 Kf6 44. Kc5 Kxg6 45. Kxb5 Kf5 46. Ka6 Ke4 47. Kxa7 Kf3 48. a4 {[%emt 0:00:00] Quite a comeback for White.   Weighted Error Value: White=0.34/Black=0.74.  Loses game:     	---       	Black=2      Missed win:     	White=1     	---        Mistake:       	White=2     	Black=3      Inaccurate:     	White=1     	Black=2      OK:         	White=8     	Black=12     Best:        	White=4     	Black=3      Strong:       	White=1     	---} 1-0

[Event "Serbian-ch Semifinal 2024"]
[Site "Paracin"]
[Date "2024.02.08"]
[Round "5.10"]
[White "Ivanovic, Marko"]
[Black "Milosevic, Milos"]
[Result "1/2-1/2"]
[ECO "C41"]
[WhiteElo "2245"]
[BlackElo "2388"]
[Annotator "RC"]
[PlyCount "82"]
[EventDate "2024.02.04"]
[EventType "swiss"]
[EventCountry "SRB"]
[SourceTitle "playchess.com"]
[Source "ChessBase"]
[SourceQuality "1"]
[TimeControl "40/5400+30:1800+30"]

1. e4 e5 2. Nf3 d6 3. d4 exd4 4. Nxd4 Nf6 5. Nc3 Be7 6. Bf4 O-O 7. Qd2 Nc6 8. O-O-O Nxd4 9. Qxd4 Be6 10. f3 a6 11. Kb1 b5 12. g4 c5 13. Qd2 b4 14. Nd5 Nxd5 15. exd5 Bd7 16. h4 a5 17. g5 Re8 18. Bd3 Qc7 19. h5 c4 20. Be4 f5 21. gxf6 Bxf6 22. h6 g6 23. Rhg1 Kf7 24. Qg2 Rg8 25. Qg3 Ra6 26. Be3 Qd8 27. Bd4 a4 28. f4 Bxd4 29. Rxd4 a3 30. Rxc4 axb2 31. Qb3 Qb6 32. Rf1 Ra4 33. f5 g5 34. Rc6 Qa7 35. Rxd6 Ra3 36. Qxb4 Ra4 37. Qc3 Rxe4 38. Qf6+ Ke8 39. Ra6 Qb8 40. Qc3 Qe5 41. Qa5 Rf8 1/2-1/2